Map: Orbital Depot

Players

Yata

  • Race: Protoss Protoss
  • League: Gold
  • Spawn Location: 7:00

Myhome

  • Race: Protoss Protoss
  • League: Diamond
  • Spawn Location: 9:00

SHreddedWInd

  • Race: Protoss Protoss
  • League: Diamond
  • Spawn Location: 9:00

SpeedWagon - Winner!

  • Race: Zerg Zerg
  • Spawn Location: 3:00

NavYCeals - Winner!

  • Race: Protoss Protoss
  • League: Diamond
  • Spawn Location: 3:00

Zoltariaver - Winner!

  • Race: Terran Terran
  • Spawn Location: 1:00

VOD

Have the link to the VOD?

Description

Time

  • Played on: Sept. 4, 2017, 10:33 p.m.
  • Length: 7:32
Show
View Real Time Build Order
Export as new Build Order

Yata Protoss 

Build Orders: Cannon Rush 

Get SALT Encoding   

  12  0:01  Probe (Chrono Boost)  
  13  0:17  Pylon  
  13  0:23  Probe (Chrono Boost)  
  14  0:38  Forge  
  14  0:52  Probe (Chrono Boost)  
  15  1:03  Probe (Chrono Boost)  
  16  1:13  Probe (Chrono Boost)  
  17  1:18  Pylon  
  17  1:38  Photon Cannon  
  17  1:40  Pylon  
  17  1:45  Photon Cannon  
  17  1:47  Photon Cannon  
  17  1:52  Pylon  
  17  2:02  Gateway  
  17  2:05  Pylon  
  17  2:15  Photon Cannon  
  17  2:17  Photon Cannon  
  17  2:21  Photon Cannon  
  17  2:30  Photon Cannon  
  17  2:34  Pylon  
  17  2:52  Pylon  
  17  2:55  Pylon  
  17  3:29  Photon Cannon  
  17  3:32  Photon Cannon  
  17  3:37  Photon Cannon  
  17  3:38  Photon Cannon  
  17  3:40  Photon Cannon  
  17  3:43  Pylon  
  16  4:12  Pylon  
  16  4:15  Photon Cannon  
  16  4:26  Pylon  
  16  4:29  Pylon  
  16  4:31  Pylon  
  16  4:33  Gateway  
  16  4:35  Gateway  
  16  4:41  Gateway  
  16  4:56  Cybernetics Core  
  16  5:09  Assimilator  
  16  5:13  Assimilator  
  9  6:09  Stalker x2  
  4  7:05  Zealot  
Show
View Real Time Build Order
Export as new Build Order

Myhome Protoss 

Build Orders:  

Get SALT Encoding   

  12  0:01  Probe (Chrono Boost)  
  13  0:12  Probe (Chrono Boost)  
  14  0:19  Pylon  
  14  0:24  Probe (Chrono Boost)  
  15  0:37  Forge  
  15  0:44  Probe (Chrono Boost)  
  16  0:54  Pylon  
  16  1:01  Probe (Chrono Boost)  
  17  1:17  Photon Cannon  
  17  1:35  Pylon  
  17  1:36  Pylon  
  17  1:39  Pylon  
  17  1:52  Pylon  
  17  1:56  Photon Cannon  
  17  2:05  Photon Cannon  
  17  2:13  Pylon  
  17  2:20  Photon Cannon  
  17  2:44  Pylon  
  17  2:55  Pylon  
  17  2:57  Pylon  
  17  2:59  Pylon x2  
  17  3:08  Photon Cannon  
  17  3:15  Photon Cannon  
  17  3:16  Photon Cannon  
  17  3:28  Photon Cannon  
  17  3:49  Photon Cannon  
  16  4:03  Probe (Chrono Boost)  
  16  4:07  Pylon  
  17  4:21  Assimilator  
  17  4:25  Assimilator  
  17  4:26  Gateway  
  17  4:27  Gateway  
  17  4:39  Probe (Chrono Boost)  
  18  4:46  Pylon  
  18  4:50  Probe (Chrono Boost)  
  19  5:06  Photon Cannon  
  19  5:09  Photon Cannon  
  20  5:14  Probe (Chrono Boost)  
  20  5:29  Photon Cannon  
  20  5:38  Photon Cannon  
  20  5:46  Probe (Chrono Boost)  
  21  5:58  Photon Cannon  
  21  6:08  Pylon  
  21  6:09  Probe (Chrono Boost)  
  22  6:22  Cybernetics Core  
  22  6:38  Photon Cannon  
  22  7:07  Twilight Council  
Show
View Real Time Build Order
Export as new Build Order

SHreddedWInd Protoss 

Build Orders:  

Get SALT Encoding   

  12  0:07  Probe (Chrono Boost)  
  13  0:19  Probe (Chrono Boost)  
  13  0:20  Pylon  
  14  0:34  Probe (Chrono Boost)  
  15  0:38  Forge  
  15  0:48  Probe (Chrono Boost)  
  16  1:00  Probe (Chrono Boost)  
  17  1:16  Probe (Chrono Boost)  
  18  1:27  Probe (Chrono Boost)  
  19  1:37  Probe (Chrono Boost)  
  20  1:47  Gateway  
  20  1:49  Gateway, Probe (Chrono Boost)  
  20  1:52  Pylon  
  21  1:57  Pylon  
  21  2:11  Photon Cannon  
  21  2:13  Photon Cannon  
  21  2:16  Photon Cannon  
  21  2:39  Photon Cannon  
  21  2:43  Photon Cannon  
  21  2:45  Photon Cannon  
  21  2:46  Photon Cannon  
  21  2:56  Photon Cannon  
  21  3:05  Photon Cannon  
  21  3:08  Photon Cannon  
  21  3:09  Photon Cannon  
  21  3:20  Photon Cannon  
  21  3:29  Photon Cannon  
  21  3:41  Photon Cannon  
  21  3:46  Photon Cannon  
  21  3:52  Pylon  
  20  3:55  Photon Cannon  
  20  3:57  Photon Cannon  
  20  4:10  Probe (Chrono Boost)  
  20  4:13  Assimilator  
  20  4:15  Assimilator  
  20  4:20  Probe (Chrono Boost)  
  21  4:29  Zealot, Nexus  
  25  4:45  Cybernetics Core  
  23  4:46  Pylon  
  23  5:08  Probe (Chrono Boost)  
  23  5:10  Protoss Ground Weapons Level 1  
  24  5:19  Probe (Chrono Boost)  
  25  5:25  Warp Gate  
  25  5:29  Mothership Core (Chrono Boost)  
  27  5:38  Pylon  
  27  5:41  Probe (Chrono Boost)  
  28  5:48  Probe (Chrono Boost)  
  29  5:52  Probe (Chrono Boost)  
  29  5:54  Stalker x2  
  34  6:02  Probe (Chrono Boost)  
  34  6:03  Photon Cannon  
  35  6:11  Photon Cannon  
  35  6:22  Probe (Chrono Boost)  
  35  6:23  Probe (Chrono Boost)  
  35  6:24  Stalker  
  39  6:31  Stalker  
Show
View Real Time Build Order
Export as new Build Order

SpeedWagon Zerg - Winner!

Build Orders: Pool Only 

Get SALT Encoding   

  12  0:02  Drone  
  13  0:14  Drone  
  14  0:28  Spawning Pool  
  13  0:35  Extractor, Drone  
  13  0:41  Extractor  
  12  0:48  Drone  
  12  0:49  Drone  
  14  0:53  Overlord  
  14  1:15  Queen  
  14  1:17  Drone x2  
  18  1:45  Drone x3  
  21  1:51  Lair  
  21  1:59  Drone  
  22  2:07  Overlord  
  22  3:04  Spire  
  21  4:15  Mutalisk x4  
  29  4:18  Overlord  
  29  4:19  Overlord x3  
  29  4:45  Mutalisk x4  
  37  6:19  Mutalisk x4  
  37  6:20  Mutalisk x3  
Show
View Real Time Build Order
Export as new Build Order

NavYCeals Protoss - Winner!

Build Orders:  

Get SALT Encoding   

  12  0:01  Probe (Chrono Boost)  
  13  0:14  Pylon  
  13  0:17  Probe (Chrono Boost)  
  14  0:28  Probe (Chrono Boost)  
  15  0:37  Gateway  
  15  0:40  Probe (Chrono Boost)  
  16  0:47  Assimilator  
  16  0:51  Probe (Chrono Boost)  
  17  1:01  Probe (Chrono Boost)  
  18  1:06  Pylon  
  18  1:12  Probe (Chrono Boost)  
  19  1:22  Probe (Chrono Boost)  
  20  1:32  Cybernetics Core  
  20  1:33  Probe (Chrono Boost)  
  21  1:43  Probe (Chrono Boost)  
  22  1:49  Zealot (Chrono Boost)  
  24  2:15  Stalker (Chrono Boost)  
  26  2:31  Probe  
  21  2:52  Probe  
  21  2:53  Stalker (Chrono Boost)  
  24  3:05  Mothership Core  
  26  3:12  Warp Gate  
  24  3:26  Probe  
  25  3:32  Stalker (Chrono Boost)  
  29  4:10  Stalker (Chrono Boost)  
  29  4:29  Probe  
  30  4:32  Assimilator  
  30  4:54  Probe  
  31  5:24  Pylon  
  31  5:29  Gateway x2  
  31  5:33  Gateway  
  28  5:44  Stalker  
  28  5:46  Pylon  
  28  5:48  Probe  
  31  5:54  Forge  
  31  6:00  Probe  
  32  6:12  Probe (Chrono Boost)  
  32  6:13  Nexus  
  32  6:16  Pylon  
  32  6:17  Stalker  
  35  6:24  Probe (Chrono Boost)  
  36  6:28  Stalker x2  
  40  6:35  Photon Cannon, Probe (Chrono Boost)  
  41  7:00  Stalker x3  
  47  7:17  Photon Cannon  
  47  7:18  Probe (Chrono Boost)  
  48  7:28  Photon Cannon  
Show
View Real Time Build Order
Export as new Build Order

Zoltariaver Terran - Winner!

Build Orders:  

Get SALT Encoding   

  12  0:09  Supply Depot  
  12  0:11  SCV  
  13  0:23  SCV  
  14  0:31  Barracks  
  14  0:35  SCV  
  14  0:36  Refinery  
  15  0:48  SCV  
  16  0:53  Refinery  
  16  1:00  SCV  
  17  1:12  Command Center  
  17  1:30  Factory  
  17  1:38  Orbital Command  
  17  1:46  Marine  
  18  1:58  Supply Depot  
  18  2:04  Marine  
  19  2:13  Factory Tech Lab  
  19  2:19  Factory  
  19  2:43  Siege Tank  
  22  2:57  Marine  
  22  3:00  SCV  
  22  3:01  Orbital Command  
  22  3:03  Supply Depot  
  22  3:04  Factory Tech Lab  
  23  3:12  SCV  
  24  3:24  SCV  
  24  3:27  Supply Depot  
  24  3:36  SCV  
  25  3:46  Siege Tank  
  25  3:47  Siege Tank  
  31  3:48  SCV  
  32  3:56  Supply Depot  
  32  4:01  Orbital Command  
  32  4:18  Siege Tank  
  32  4:19  Siege Tank  
  38  4:32  SCV  
  39  4:44  SCV  
  40  4:50  Siege Tank  
  43  4:55  SCV  
  43  4:56  SCV  
  45  5:05  Engineering Bay  
  45  5:08  SCV x2, Engineering Bay  
  47  5:21  SCV  
  48  5:36  Siege Tank  
  48  5:37  Siege Tank  
  53  5:57  Missile Turret  
  53  6:00  Missile Turret  
  53  6:02  Barracks Reactor  
  53  6:17  Supply Depot  
  53  6:25  Barracks  
  53  6:26  Barracks, SCV  
  53  6:28  Barracks  
  53  6:29  Barracks, Missile Turret  
  53  6:31  Barracks  
  53  6:32  Refinery  
  54  6:33  Refinery  
  54  6:39  Siege Tank, SCV  
  58  6:41  Marine x2  
  60  6:51  SCV  
  61  6:59  Marine x2  
  63  7:03  Supply Depot, SCV  
  64  7:13  Barracks Reactor, Barracks Tech Lab  
  64  7:15  SCV  
  65  7:21  Barracks  
  67  7:23  Barracks  
Tags
 
Add a new tag
Caveats
  • Supply blocks, unpowered buildings, or Contaminate may cause inaccurate times.
  • Supply counts are checked every 10 seconds.